Map: Nightshade LE

Players

Mikomi - Winner!

  • Race: Terran Terran
  • League: Silver
  • Spawn Location: 5:00

antagomiR

  • Race: Protoss Protoss
  • League: Gold
  • Spawn Location: 11:00

VOD

Have the link to the VOD?

Description

Time

  • Played on: April 15, 2020, 10:23 p.m.
  • Length: 22:11
Show
View Real Time Build Order
Export as new Build Order

Mikomi Terran - Winner!

Build Orders: Gas First Reaper Expand 

Get SALT Encoding   

  12  0:05  SCV  
  13  0:17  SCV  
  14  0:22  Supply Depot  
  14  0:30  Refinery  
  14  0:31  SCV  
  15  0:50  Barracks  
  15  0:55  SCV  
  16  1:07  SCV  
  17  1:19  SCV  
  18  1:37  Reaper  
  18  1:38  Orbital Command  
  19  1:49  Command Center  
  19  2:03  Factory  
  19  2:15  SCV  
  20  2:23  Refinery  
  20  2:28  Barracks Reactor  
  20  2:33  Supply Depot  
  20  2:47  SCV  
  20  2:49  Factory Reactor  
  21  2:59  SCV  
  21  3:07  Marine, Starport  
  21  3:08  Marine  
  21  3:12  SCV  
  24  3:16  Barracks  
  24  3:17  Orbital Command  
  24  3:24  SCV  
  25  3:32  Marine  
  25  3:33  Marine  
  27  3:43  SCV x2  
  27  3:46  Factory Tech Lab  
  29  3:56  Medivac  
  29  3:57  Medivac  
  34  4:02  SCV  
  34  4:03  SCV, Engineering Bay  
  34  4:09  Marine  
  35  4:10  Marine  
  35  4:16  Barracks Tech Lab  
  37  4:24  Siege Tank  
  40  4:31  Missile Turret  
  40  4:35  SCV x2, Marine  
  40  4:36  Engineering Bay  
  44  4:43  Combat Shield  
  44  4:52  Marauder  
  45  4:54  Terran Infantry Weapons Level 1  
  45  4:56  SCV x2  
  43  5:08  SCV x2  
  43  5:20  SCV x2  
  45  5:30  Marine  
  46  5:38  Supply Depot  
  46  5:53  Terran Infantry Armor Level 1  
  46  5:56  Command Center  
  46  5:59  Marine, Siege Tank  
  46  6:00  Marauder  
  46  6:02  Stimpack  
  46  6:03  Barracks  
  52  6:04  Marine  
  52  6:07  Barracks  
  52  6:10  Barracks  
  53  6:15  Refinery  
  53  6:17  SCV  
  54  6:21  Supply Depot  
  54  6:42  Marine x2, SCV, Medivac, Siege Tank  
  62  7:08  SCV x2, Marauder  
  66  7:11  Marine  
  66  7:12  Marine  
  66  7:14  Barracks Reactor x2  
  68  7:15  Barracks Tech Lab  
  68  7:19  Orbital Command  
  68  7:22  Siege Tank  
  71  7:25  SCV x2  
  73  7:33  Refinery  
  73  7:34  Marine x2  
  73  7:35  Marauder  
  77  7:49  Missile Turret  
  77  7:53  Barracks  
  77  7:57  Supply Depot  
  77  7:59  Supply Depot  
  77  8:06  Armory  
  77  8:08  Orbital Command  
  77  8:19  Marine x5, SCV, Marauder  
  85  8:20  Marine, SCV  
  85  8:21  Marauder  
  89  8:27  Siege Tank  
  89  8:31  SCV  
  93  8:48  Supply Depot  
  93  8:50  Supply Depot  
  93  8:53  Terran Infantry Weapons Level 2  
  93  9:10  SCV x3, Medivac x2  
  100  9:17  Bunker  
  100  9:22  SCV x3, Barracks Tech Lab  
  103  9:30  Refinery  
  103  9:32  Bunker  
  103  9:33  Marine  
  103  9:34  Marine x2, SCV x3  
  103  9:37  Terran Vehicle Weapons Level 1  
  109  9:43  Supply Depot  
  109  9:48  Supply Depot  
  109  9:49  Supply Depot  
  109  10:04  Marine x3, Siege Tank  
  109  10:05  Marauder  
  117  10:10  Marine x4, Viking x2  
  117  10:11  Marine  
  126  10:19  Missile Turret  
  126  10:26  Refinery  
  126  10:27  Missile Turret  
  126  10:28  Marine x3  
  126  10:29  Marine x3  
  126  10:35  Terran Infantry Armor Level 2  
  132  10:53  Concussive Shells  
  132  11:03  Marine  
  133  11:12  Supply Depot  
  133  11:14  Supply Depot  
  133  11:15  Supply Depot  
  133  11:33  Marine x3  
  133  11:34  Marauder, Siege Tank  
  133  11:35  Marine  
  133  11:36  SCV, Marine, Viking x2, Marauder  
  133  11:37  SCV x2, Marauder  
  154  11:45  Command Center  
  154  12:02  Factory  
  154  12:09  Factory  
  154  12:20  Bunker  
  154  12:22  Missile Turret  
  154  12:28  SCV x2  
  154  12:29  SCV  
  157  12:48  Factory Tech Lab  
  157  12:56  Marine x4, Viking x2, Siege Tank  
  157  12:57  Marauder x2  
  172  13:02  Marine  
  172  13:07  Marine  
  172  13:08  Marauder  
  127  13:34  Marine x8  
  116  13:35  Marine  
  113  13:52  Marine x9  
  122  14:09  Marine  
  122  14:10  Marine x6  
  123  14:17  Factory Tech Lab  
  98  14:42  Marine  
  98  14:43  Marine x5  
  98  14:44  Marauder x2  
  98  14:45  Marauder  
  82  15:36  Marine  
  82  15:37  Marine x8  
  82  15:38  SCV  
  81  16:11  Marine  
  81  16:12  Marine x3  
  81  16:15  Marine  
  81  17:07  Siege Tank x2  
  81  17:08  Medivac x2, Siege Tank  
  90  17:09  Marine x3  
  90  17:10  Marine x3  
  90  17:11  Marauder x3  
  77  17:54  Marine x3  
  77  17:55  Marine x3  
  77  17:56  Marauder x2  
  87  18:14  Marine x3  
  87  18:15  Marine x3  
  87  18:17  Siege Tank x3  
  87  18:19  Viking x2  
  106  18:21  Marauder  
  108  18:35  Terran Infantry Weapons Level 3  
  108  18:45  Terran Infantry Armor Level 3  
  108  18:50  Terran Vehicle Weapons Level 2  
  108  19:20  Marine  
  108  19:21  Marine x5  
  108  19:22  Marauder x2  
  108  19:23  Marauder  
  120  19:33  Siege Tank  
  120  19:34  Siege Tank x2  
  120  19:38  Viking x2  
  121  19:55  Orbital Command  
  99  20:08  Viking  
  99  20:14  SCV  
  102  20:26  SCV  
  103  20:38  SCV  
  100  20:42  Marine  
  100  20:43  Marine x7  
  100  20:44  Marine  
  108  20:50  SCV  
  109  21:00  Marine  
  109  21:02  SCV  
  109  21:42  SCV  
  110  21:54  SCV  
Show
View Real Time Build Order
Export as new Build Order

antagomiR Protoss 

Build Orders:  

Get SALT Encoding   

  12  0:01  Probe  
  13  0:17  Pylon  
  13  0:18  Probe  
  14  0:30  Probe  
  15  0:42  Probe  
  15  0:46  Gateway  
  16  0:55  Probe  
  17  1:07  Probe  
  17  1:08  Assimilator  
  18  1:17  Assimilator  
  18  1:19  Probe (Chrono Boost)  
  19  1:28  Probe (Chrono Boost)  
  20  1:33  Probe  
  20  1:39  Gateway  
  21  1:50  Pylon  
  21  1:51  Probe  
  22  2:00  Cybernetics Core  
  22  2:03  Probe  
  23  2:15  Probe  
  24  2:32  Warp Gate (Chrono Boost)  
  24  2:36  Probe  
  25  2:37  Nexus  
  25  2:38  Pylon  
  25  2:48  Probe  
  26  3:02  Probe  
  26  3:04  Stalker x2  
  30  3:14  Probe  
  31  3:26  Probe  
  32  3:31  Twilight Council  
  32  3:35  Robotics Facility  
  32  3:38  Probe  
  32  3:39  Stalker (Chrono Boost)  
  37  3:49  Stalker (Chrono Boost)  
  37  3:50  Probe  
  38  3:56  Probe  
  38  4:02  Probe  
  40  4:05  Pylon  
  40  4:08  Probe  
  41  4:19  Probe  
  41  4:20  Probe  
  43  4:25  Robotics Bay  
  43  4:27  Observer  
  44  4:31  Probe  
  44  4:32  Probe  
  46  4:38  Stalker  
  46  4:39  Stalker  
  46  4:44  Probe  
  51  4:46  Probe  
  51  4:49  Observer  
  53  4:56  Probe  
  53  4:58  Probe  
  55  5:08  Probe  
  56  5:15  Probe, Extended Thermal Lance (Chrono Boost)  
  56  5:20  Probe  
  56  5:21  Immortal  
  62  5:31  Gateway  
  62  5:34  Gateway  
  62  5:38  Gateway  
  62  5:43  Pylon  
  62  5:46  Pylon  
  62  6:01  Probe x2  
  64  6:05  Stalker x2  
  68  6:13  Probe x2, Colossus (Chrono Boost)  
  68  6:16  Forge  
  78  6:25  Probe x2  
  78  6:40  Assimilator  
  78  6:42  Assimilator  
  78  6:54  Gateway  
  78  7:05  Gateway  
  78  7:08  Gateway  
  78  7:11  Gateway  
  78  7:14  Gateway  
  78  7:19  Gateway  
  78  7:38  Pylon  
  78  7:40  Pylon  
  78  7:45  Pylon  
  78  7:48  Pylon  
  78  7:52  Protoss Ground Weapons Level 1 (Chrono Boost)  
  78  7:55  Pylon, Colossus  
  78  7:56  Probe x2  
  86  7:59  Nexus  
  86  8:02  Pylon  
  86  8:05  Pylon  
  86  8:06  Stalker x3  
  86  8:07  Sentry  
  86  8:08  Probe x2  
  86  8:09  Sentry  
  98  8:20  Probe x2  
  98  8:22  Shield Battery  
  98  8:24  Shield Battery  
  100  8:32  Probe x2  
  102  8:39  Photon Cannon  
  102  8:40  Photon Cannon  
  102  8:42  Photon Cannon  
  102  8:44  Probe x2  
  102  8:47  Twilight Council  
  104  8:49  Colossus  
  110  9:08  Probe x2  
  112  9:14  Photon Cannon  
  112  9:17  Photon Cannon  
  112  9:20  Probe x2  
  114  9:26  Pylon  
  114  9:29  Gateway  
  114  9:32  Probe x2  
  114  9:37  Zealot x3  
  122  9:38  Zealot x2  
  122  9:39  Stalker  
  122  9:42  Colossus (Chrono Boost)  
  122  9:43  Stalker  
  136  9:55  Probe x2  
  136  9:56  Probe  
  136  9:57  Protoss Ground Weapons Level 2 (Chrono Boost)  
  139  10:01  Charge (Chrono Boost)  
  139  10:07  Probe  
  139  10:12  Phoenix  
  140  10:22  Nexus  
  140  10:24  Pylon  
  140  10:27  Pylon  
  140  10:31  Gateway  
  140  10:32  Gateway, Colossus (Chrono Boost)  
  146  10:59  Stalker x2  
  146  11:00  Stalker x4  
  146  11:01  Stalker x4  
  146  11:02  Stalker  
  146  11:03  Stalker  
  170  11:20  Warp Prism  
  172  11:36  Pylon  
  172  11:37  Pylon, Shield Battery  
  172  11:38  Photon Cannon  
  172  11:39  Pylon, Photon Cannon  
  172  11:42  Photon Cannon  
  172  11:55  Colossus, Stalker x3  
  184  12:01  Zealot  
  184  12:02  Zealot x2  
  190  12:26  Probe x2  
  190  12:27  Probe  
  193  12:44  Stalker x3  
  125  13:45  Stalker  
  125  13:46  Colossus, Stalker x4  
  125  13:48  Stalker x2  
  137  13:49  Stalker x5  
  137  13:50  Zealot x2  
  137  13:53  Blink (Chrono Boost)  
  153  13:57  Protoss Ground Weapons Level 3  
  153  14:03  Templar Archives  
  153  14:14  Gateway  
  133  14:24  Zealot  
  133  14:25  Zealot x4  
  133  14:26  Zealot x5  
  133  14:27  Zealot x3  
  133  14:28  Zealot  
  139  14:40  Colossus  
  139  14:50  Zealot  
  139  14:51  Zealot x3  
  139  14:52  Zealot x3  
  127  15:01  Zealot  
  127  15:02  Zealot x5  
  127  15:04  Zealot  
  97  15:21  Stalker x4  
  97  15:22  Stalker x2  
  97  15:23  Stalker x4  
  97  15:24  Stalker x2  
  117  15:33  Colossus  
  123  15:37  Zealot x3  
  127  15:56  Zealot x2  
  123  15:57  Stalker x2  
  123  15:58  Stalker  
  104  16:19  Stalker x2  
  104  16:20  Stalker x2  
  104  16:27  Colossus  
  85  17:02  Stalker x2  
  85  17:03  Stalker x3  
  85  17:04  Stalker x3  
  101  17:12  Zealot  
  103  17:18  Probe x2  
  88  17:47  Stalker x2  
  92  18:02  Assimilator  
  92  18:12  Stalker x2  
  96  18:46  Nexus  
  96  18:48  Stalker x2  
  100  18:52  Protoss Ground Armor Level 1 (Chrono Boost)  
  100  19:02  Zealot x2  
  104  19:08  Probe x2  
  106  19:20  Probe, Pylon  
  106  19:22  Pylon  
  107  19:24  Zealot  
  83  20:04  Stalker x6  
  83  20:05  Stalker x2  
  77  20:17  Colossus (Chrono Boost)  
  76  20:27  Stalker  
  76  20:28  Stalker  
  76  20:29  Stalker  
  77  20:49  Stalker  
Tags
 
Add a new tag
Caveats
  • Supply blocks, unpowered buildings, or Contaminate may cause inaccurate times.
  • Supply counts are checked every 10 seconds.